 Dungeon Crawl Stone Soup version 0.24-a0-498-ge00f04a389 (webtiles) character file.

Game seed: 4661841054420345711

1916 Peloso the Blocker (level 8, 0/71 HPs)
             Began as a Minotaur Fighter on July 14, 2019.
             Splashed by a jelly's acid (4 damage)
             ... on level 5 of the Dungeon.
             The game lasted 00:09:08 (4541 turns).

Peloso the Blocker (Minotaur Fighter)               Turns: 4541, Time: 00:09:09

Health: 0/71       AC:  3    Str: 22    XL:     8   Next: 95%
Magic:  7/7        EV:  7    Int:  5    God:
Gold:   328        SH: 11    Dex: 11    Spells: 7/7 levels left

rFire    . . .     SeeInvis .   a - +0 long sword
rCold    . . .     Gourm    .   c - +0 shield
rNeg     . . .     Faith    .   s - +0 chain mail
rPois    .         Spirit   .   (helmet restricted)
rElec    .         Reflect  .   l - +0 cloak
rCorr    .         Harm     .   (no gloves)
MR       .....                  d - +2 pair of boots
Stlth    ..........             (no amulet)
HPRegen  0.21/turn              (no ring)
MPRegen  0.10/turn              (no ring)

@: corroded, starving
A: retaliatory headbutt, horns 2
a: no special abilities


You were on level 5 of the Dungeon.
You were starving.

You visited 1 branch of the dungeon, and saw 5 of its levels.

You collected 328 gold pieces.

Inventory:

Hand Weapons
 a - a +0 long sword (weapon)
 u - a +2 whip of flaming
Missiles
 y - 19 bolts
Armour
 b - a +0 scale mail
 c - a +0 shield (worn)
 d - a +2 pair of boots (worn)
 l - a +0 cloak (worn)
 s - a +0 chain mail (worn)
Jewellery
 w - an uncursed ring of magical power {unknown}
 B - a +3 ring of evasion {unknown}
Scrolls
 g - 10 scrolls of identify {unknown}
 h - 2 scrolls of teleportation {unknown}
 m - a scroll of fear {unknown}
 n - 4 scrolls of magic mapping {unknown}
 o - a scroll of blinking {unknown}
 p - 2 scrolls of fog {unknown}
 t - 2 scrolls of enchant weapon {unknown}
 v - 5 scrolls of remove curse {unknown}
 z - a scroll of random uselessness {unknown}
Potions
 e - a potion of degeneration {unknown}
 i - 2 potions of mutation {unknown}
 j - 2 potions of magic {unknown}
 k - 2 potions of brilliance {unknown}
 q - a potion of invisibility {unknown}
 r - 2 potions of flight {unknown}
 x - 2 potions of haste {unknown}
Comestibles
 f - 12 rations


   Skills:
 + Level 6.5 Fighting
 + Level 7.8 Long Blades
 + Level 7.6 Armour
 + Level 2.5 Dodging
 + Level 0.1 Stealth
 + Level 8.1 Shields


You had 7 spell levels left.
You didn't know any spells.
Your spell library was empty.

Dungeon Overview and Level Annotations

Branches:
Dungeon (5/15)
 Temple: D:4-7

Altars:
Dithmenos
Elyvilon
Hepliaklqana
Uskayaw

Shops:
D:5 [


Innate Abilities, Weirdness & Mutations

You reflexively headbutt those who attack you in melee.
You have a pair of horns on your head.


Message History

You kill the jelly!
You hit the jelly but do no damage.
Your hands burn!
* * * LOW HITPOINT WARNING * * *
You headbutt the jelly.
The jelly is lightly wounded.
The jelly hits you but does no damage.
You hit the jelly. The acid corrodes you!
Your hands burn!
* * * LOW HITPOINT WARNING * * *
You headbutt the jelly.
The jelly is severely wounded.
You block the jelly's attack.
You see here a kobold corpse.
There is an open door here.
You hit the jelly but do no damage.
Your hands burn!
* * * LOW HITPOINT WARNING * * *
You headbutt the jelly.
The jelly is almost dead.
The jelly barely misses you.
You hit the jelly. The acid corrodes you!
Your hands burn!
You die...

###..............................
#.............................. #
##.............#############... #
#.......########## #... ##
###....#########.##.÷...?##...
.####.....###....#.#†#..PJPP##...
...#......##.....#.#.#JJ..÷.##...
..........'......#'#.#J÷.J.P##...
..........'...).@J.#.#...÷..##...
.........('........#.#.J.PJ.##...
.........(##.......#.#.÷..÷.##...
#.......[.###......##'P.PP÷P##...
##........############......##...
#.(........####### ########...
.................#### ####...
....................## #......
####............#....## ###......


You could see a jelly.

Vanquished Creatures
  Grinder (D:5)
  2 slime creatures (D:5)
  Sigmund (D:2)
  A sky beast (D:4)
  An ogre (D:5)
  2 big kobolds (D:5)
  2 howler monkeys (D:5)
  2 jellies (D:5)
  4 orc priests
  2 hounds (D:5)
  A bullfrog skeleton (D:4)
  Jessica (D:3)
  Terence (D:3)
  4 orc wizards
  4 worker ants
  Natasha (D:3)
  3 gnolls (D:4)
  6 adders
  2 shadow imps (D:5)
  7 oozes
  An adder skeleton (D:4)
  A worm (D:4)
  5 dart slugs
  4 leopard geckos
  22 orcs
  2 ball pythons (D:5)
  5 giant cockroaches
  6 hobgoblins
  2 jackals (D:4)
  7 kobolds
  2 quokkas (D:2)
  13 bats
  4 frilled lizards
  6 goblins
  2 leopard gecko skeletons
  10 rats
140 creatures vanquished.

Vanquished Creatures (others)
  An ogre (D:4)
  4 fungi (D:5)
  5 toadstools (D:5)
10 creatures vanquished.

Grand Total: 150 creatures vanquished

Notes
Turn   | Place    | Note
-------+----------+-------------------------------------------
     0 | D:1      | Peloso the Minotaur Fighter began the quest for the Orb.
     0 | D:1      | Reached XP level 1. HP: 19/19 MP: 0/0
   119 | D:1      | Reached XP level 2. HP: 13/27 MP: 1/1
   192 | D:1      | Reached skill level 4 in Shields
   465 | D:1      | Reached XP level 3. HP: 33/33 MP: 2/2
   795 | D:2      | Noticed Sigmund
   800 | D:2      | Killed Sigmund
   800 | D:2      | Reached skill level 5 in Fighting
   800 | D:2      | Reached skill level 5 in Shields
   800 | D:2      | Reached XP level 4. HP: 42/42 MP: 3/3
   800 | D:2      | Reached XP level 5. HP: 48/48 MP: 4/4
   988 | D:2      | Found a white marble altar of Elyvilon.
  1427 | D:3      | Reached skill level 5 in Armour
  1434 | D:3      | Reached XP level 6. HP: 19/56 MP: 5/5
  1654 | D:3      | Noticed Terence
  1660 | D:3      | Killed Terence
  1660 | D:3      | Reached skill level 1 in Dodging
  1848 | D:3      | Found a hide-covered altar of Uskayaw.
  1908 | D:3      | Noticed Jessica
  1913 | D:3      | Killed Jessica
  2035 | D:3      | Noticed Natasha
  2039 | D:3      | Killed Natasha
  2434 | D:4      | Reached skill level 6 in Shields
  2434 | D:4      | Reached XP level 7. HP: 50/61 MP: 6/6
  2440 | D:4      | Reached skill level 5 in Long Blades
  2472 | D:4      | Found a shadowy altar of Dithmenos.
  2692 | D:5      | Entered Level 5 of the Dungeon
  2969 | D:4      | Reached skill level 7 in Shields
  3389 | D:5      | Found a hazy altar of Hepliaklqana.
  3434 | D:5      | Noticed Grinder
  3446 | D:5      | Paralysed by Grinder for 7 turns
  3455 | D:5      | Killed Grinder
  3455 | D:5      | Reached XP level 8. HP: 45/70 MP: 7/7
  3585 | D:5      | Found Jorhul's Armour Shoppe.
  4472 | D:5      | Noticed a slime creature
  4472 | D:5      | Noticed a slime creature
  4490 | D:5      | Killed a slime creature
  4524 | D:5      | Killed a slime creature
  4524 | D:5      | Reached skill level 8 in Shields
  4541 | D:5      | Splashed by a jelly's acid

Levels and vault maps discovered:
D:1:      shiori_arrival_elements, layout_loops_ring
D:2:      layout_loops_ring, overflow_temple_1_default, uniq_sigmund
D:3:      layout_basic, lemuel_round_altar, uniq_terence, uniq_natasha,
          uniq_jessica
D:4:      layout_loops_ring, old_standard_altar, first_ration,
          lemuel_flame_loot_1
D:5:      cheibrodos_fertilizer, layout_layer_cave, kennysheep_mini_moat,
          serial_shops, shop, uniq_grinder

Skill      XL: |  1  2  3  4  5  6  7  8 |
---------------+-------------------------+-----
Fighting       | 4 5 6 |  6.5
Shields        | 4 5 6 7 8 |  8.1
Armour         | 4 5 6 7 |  7.6
Long Blades    | 3 4 6 7 |  7.8
Dodging        | 1 2 |  2.5
Stealth        | |  0.1

Action                   |  1- 3 |  4- 6 |  7- 9 || total
-------------------------+-------+-------+-------++-------
Melee: Long sword        |    57 |   140 |   203 ||   400
       Headbutt          |    12 |    31 |    61 ||   104
  Use: Potion            |     1 |       |       ||     1
  Eat: Chunk             |       |     5 |     5 ||    10
Armor: Scale mail        |    38 |    33 |       ||    71
       Chain mail        |       |    56 |   103 ||   159
Dodge: Dodged            |    22 |    50 |    46 ||   118
Block: Shield            |    36 |    97 |   116 ||   249
       Rpst.: Long sword |     6 |    15 |    13 ||    34

Table legend:
 A = Non-vault XP
 B = Vault XP
 C = Vault XP percentage of total XP
 D = Non-vault monster count
 E = Vault monster count
 F = Vault count percentage of total count
                 A         B        C        D         E       F
            +---------+---------+-------+---------+---------+-------
      Total |    1348 |    1390 |  50.8 |     123 |      17 |  12.1
            +---------+---------+-------+---------+---------+-------
        D:1 |      49 |       0 |   0.0 |      23 |       0 |   0.0
        D:2 |      54 |     223 |  80.5 |      18 |       1 |   5.3
        D:3 |     202 |     106 |  34.4 |      29 |       3 |   9.4
        D:4 |     574 |       0 |   0.0 |      35 |       0 |   0.0
        D:5 |     469 |    1061 |  69.3 |      18 |      13 |  41.9
            +---------+---------+-------+---------+---------+-------
